 Dungeon Crawl Stone Soup version 0.28-a0-1128-gb845255321 (webtiles) character file.

Game seed: 12880480093001343000

9072 Gargoyl the Fighter (level 11, -5/89 HPs)
             Began as a Gnoll Abyssal Knight on Dec 12, 2021.
             Was an Elder of Lugonu.
             Shot with an arrow by a centaur (8 damage)
             ... on level 10 of the Dungeon.
             The game lasted 00:15:51 (11924 turns).

Gargoyl the Fighter (Gnoll Abyssal Knight)         Turns: 11924, Time: 00:15:51

Health: -5/89      AC: 14    Str: 16    XL:     11   Next: 40%
Magic:  0/20       EV: 18    Int: 10    God:    Lugonu [****..]
Gold:   678        SH: 11    Dex: 19    Spells: 22/22 levels left

rFire   . . .      SeeInvis .   k - +5 hand axe of Fytoqey {vorpal, rN+}
rCold   . . .      Faith    .   P - +0 kite shield
rNeg    + . .      Spirit   +   I - +2 acid dragon scales
rPois   .          Reflect  .   c - +2 hat
rElec   .          Harm     .   (no cloak)
rCorr   +          Rampage  .   w - +0 pair of gloves
Will    .....                   C - +0 pair of boots
Stlth   +++.......              n - amulet of guardian spirit
HPRegen 0.24/turn               F - +6 ring of dexterity
MPRegen 0.17/turn               m - +4 ring of evasion

@: no status effects
A: fangs 1, strong nose, distributed training
a: Renounce Religion, Depart the Abyss, Bend Space, Banish, Corrupt


You were on level 10 of the Dungeon.
You worshipped Lugonu.
Lugonu was greatly pleased with you.
You visited 1 branch of the dungeon, and saw 10 of its levels.
You visited the Abyss 1 time.
You also visited: Ossuary.

You collected 678 gold pieces.

Inventory:

Hand Weapons
 a - a +3 hand axe
 k - the +5 hand axe of Fytoqey (weapon) {vorpal, rN+}
   (You found it on level 4 of the Dungeon)

   It inflicts extra damage upon your enemies.
   rN:        It protects you from negative energy.
 r - a +3 hand axe of venom
 O - a +5 hand axe of freezing
Missiles
 e - a throwing net
 p - 2 silver javelins
 y - 11 poisoned darts (quivered)
Armour
 c - a +2 hat (worn)
 w - a +0 pair of gloves (worn)
 C - a +0 pair of boots (worn)
 I - +2 acid dragon scales (worn)
 P - a +0 kite shield (worn)
Jewellery
 b - an amulet of magic regeneration
 h - a ring of protection from cold
 m - a +4 ring of evasion (right hand)
 n - an amulet of guardian spirit (around neck)
 x - an amulet of reflection
 F - a +6 ring of dexterity (left hand)
Wands
 t - a wand of acid (5)
 z - a wand of charming (7)
 E - a wand of iceblast (11)
 H - a wand of flame (15)
Scrolls
 l - 2 scrolls of magic mapping
 v - a scroll of teleportation
 D - a scroll of fear
 G - 2 scrolls of blinking
 K - a scroll of fog
 L - a scroll of silence
 N - a scroll of enchant armour
Potions
 d - a potion of brilliance
 f - 2 potions of berserk rage
 g - a potion of lignification
 i - a potion of ambrosia
 j - a potion of heal wounds {unknown}
 o - a potion of invisibility {unknown}
 q - a potion of cancellation
 s - a potion of might {unknown}
 u - a potion of haste {unknown}
 A - a potion of degeneration {unknown}
 B - 2 potions of flight {unknown}
 J - a potion of mutation {unknown}
 M - 4 potions of curing


   Skills:
 + Level 9.1 Fighting
 + Level 6.2 Short Blades
 + Level 6.2 Long Blades
 + Level 7.8 Axes
 + Level 6.2 Maces & Flails
 + Level 6.2 Polearms
 + Level 6.2 Staves
 + Level 6.2 Slings
 + Level 6.2 Bows
 + Level 6.2 Crossbows
 + Level 6.2 Throwing
 + Level 7.8 Armour
 + Level 6.8 Dodging
 + Level 6.2 Stealth
 + Level 6.2 Shields
 + Level 6.2 Unarmed Combat
 + Level 6.2 Spellcasting
 + Level 5.2 Conjurations
 + Level 5.2 Hexes
 + Level 5.2 Summonings
 + Level 5.2 Necromancy
 + Level 5.2 Translocations
 + Level 5.2 Transmutations
 + Level 5.2 Fire Magic
 + Level 5.2 Ice Magic
 + Level 5.2 Air Magic
 + Level 5.2 Earth Magic
 + Level 5.2 Poison Magic
 + Level 8.3 Invocations
 + Level 6.2 Evocations


You had 22 spell levels left.
You didn't know any spells.
Your spell library contained the following spells:

 Spells                   Type           Power      Damage    Failure   Level
 Shock                    Conj/Air       52%        1d6       10%         1
 Ensorcelled Hibernation  Hex/Ice        26%        N/A       14%         2
 Sublimation of Blood     Necr           13%        N/A       14%         2
 Dazzling Flash           Conj/Hex       26%        N/A       28%         3
 Spider Form              Tmut/Pois      13%        N/A       28%         3
 Swiftness                Air            13%        N/A       28%         3
 Airstrike                Air            6%         N/A       67%         4
 Iskenderun's Mystic Bla  Conj/Tloc      13%        2d5       67%         4
 Petrify                  Tmut/Erth      13%        N/A       67%         4
 Fireball                 Conj/Fire      6%         3d5       95%         5
 Irradiate                Conj/Tmut      6%         3d15      95%         5
 Iskenderun's Battlesphe  Conj           13%        2d7       95%         5
 Conjure Ball Lightning   Conj/Air       6%         3x3d6     100%        6
 Starburst                Conj/Fire      6%         6d4       100%        6
 Orb of Destruction       Conj           6%         9d3       100%        7


Dungeon Overview and Level Annotations

Branches:
Dungeon (10/15)            Temple (0/1) D:4            Lair (0/6) D:8
Ossuary (visited)
    Orc: D:9-12

Altars:
Cheibriados
Makhleb
Trog
Yredelemnul
Zin
The Shining One

Shops:
D:1 [   D:3 :

Annotations:
D:7 2 transporters, ChaosChampion's ghost, novice OpTm
Abyss:1 CheeseeCupcake's ghost, novice GrBe


Innate Abilities, Weirdness & Mutations

You have very sharp teeth.
Your uncanny sense of smell can sniff out nearby items.
Your experience applies equally to all skills.


Message History

* * * LOW HITPOINT WARNING * * *
The centaur shoots an arrow.
The arrow barely misses you.
The centaur shoots an arrow.
You block the arrow.
The centaur shoots an arrow.
You block the arrow.
The centaur shoots an arrow.
The arrow hits you.
* * * LOW HITPOINT WARNING * * *
The centaur shoots an arrow.
You block the arrow.
The centaur shoots an arrow.
The arrow misses you.
The centaur shoots an arrow.
The arrow hits you.
* * * LOW HITPOINT WARNING * * *
The centaur shoots an arrow.
The arrow barely misses you.
Unknown command.
The centaur shoots an arrow.
The arrow hits you but does no damage.
The centaur shoots an arrow.
The arrow hits you but does no damage.
The centaur shoots an arrow.
You block the arrow.
The centaur shoots an arrow.
The arrow closely misses you.
The centaur shoots an arrow.
The arrow hits you but does no damage.
The centaur shoots an arrow.
The arrow hits you but does no damage.
The centaur shoots an arrow.
You block the arrow.
The centaur shoots an arrow.
You block the arrow.
Unknown command.
The centaur shoots an arrow.
The arrow closely misses you.
The centaur shoots an arrow.
The arrow hits you.
* * * LOW HITPOINT WARNING * * *
The centaur shoots an arrow.
The arrow hits you.
* * * LOW HITPOINT WARNING * * *
Unknown command.
The centaur shoots an arrow.
You block the arrow.
The centaur shoots an arrow.
The arrow hits you.
* * * LOW HITPOINT WARNING * * *
The centaur shoots an arrow.
You block the arrow.
The centaur shoots an arrow.
The arrow misses you.
The centaur shoots an arrow.
The arrow barely misses you.
The centaur shoots an arrow.
You block the arrow.
The centaur shoots an arrow.
The arrow hits you but does no damage.
The centaur shoots an arrow.
You block the arrow.
The centaur shoots an arrow.
You block the arrow.
The centaur shoots an arrow.
The arrow misses you.
The centaur shoots an arrow.
The arrow hits you!
* * * LOW HITPOINT WARNING * * *
The centaur shoots an arrow.
The arrow misses you.
The centaur shoots an arrow.
The arrow hits you!
You die...

##..##..##....##....##......>...#
........#............+..(.......#
........#...........##...###...##
###.###.###..###†...##... ##...##
##.###.###..###....##... #......
#....+.............#.... #......
#..[.#†............#.... #<.....
##.###.###..###..### ##+####
###.###.###..# #@.# ##
.........#.............. #.
..[......#.....≈≈≈≈.$.... #.
.........#..≈≈≈≈≈≈≈≈...... #.
###+##+##≈≈≈≈≈≈≈≈≈≈≈≈≈≈≈#.###+###
≈≈≈≈≈≈≈≈≈≈≈≈≈≈≈≈≈≈#..###
≈≈≈≈cc≈≈≈≈≈≈≈≈≈≈≈≈≈.....
≈≈(..ccc≈≈≈≈≈≈≈≈≈≈≈..... ...
≈≈≈≈≈≈≈≈#..##


You could see 5 centaurs.

Vanquished Creatures
  A two-headed ogre (D:8)
  A deep elf pyromancer (D:8)
  The ghost of Dwachs the Slasher, a novice FoFi of Okawaru (D:6)
  Maggie (D:9)
  2 trolls
  A hornet (D:10)
  14 yaks
  4 steam dragons
  An acid dragon (D:8)
  Duvessa (D:7)
  A black bear (D:7)
  3 orc warriors
  2 hornet zombies
  A necrophage (D:5)
  An ogre (D:5)
  3 centaurs
  A wolf (D:8)
  2 bullfrogs
  A water moccasin zombie (D:6)
  A wyvern zombie (D:5)
  A gnoll sergeant (D:8)
  3 scorpions
  Dowan (D:7)
  9 wights
  4 killer bees
  2 electric eels (D:8)
  4 howler monkeys
  2 centaur zombies
  2 bullfrog zombies
  9 hounds
  3 orc priests
  A bullfrog skeleton (D:5)
  3 centaur skeletons
  Terence (D:3)
  3 iguanas (D:4)
  9 orc wizards
  2 killer bee zombies
  A hound zombie (D:5)
  8 mummies (Ossuary)
  Robin (D:3)
  5 gnolls (D:8)
  8 adders
  A white imp (D:5)
  An ufetubus (D:5)
  3 adder skeletons (D:4)
  A worm (D:2)
  2 dart slugs
  28 orcs
  4 bats
  5 endoplasms (D:1)
  3 giant cockroaches
  11 hobgoblins
  6 jackals
  2 kobolds
  8 ball pythons
  4 frilled lizards (D:1)
  2 gnoll zombies (Ossuary)
  9 goblins
  2 hobgoblin zombies (Ossuary)
  3 kobold zombies (Ossuary)
  An orc zombie (Ossuary)
  A quokka skeleton (D:4)
  9 rats
231 creatures vanquished.

Vanquished Creatures (collateral kills)
  A jelly (D:5)
1 creature vanquished.

Vanquished Creatures (others)
  2 orcs
2 creatures vanquished.

Grand Total: 234 creatures vanquished

Notes
Turn   | Place    | Note
-------+----------+-------------------------------------------
     0 | Abyss:1  | Gargoyl the Gnoll Abyssal Knight began the quest for the
                  | Orb.
     0 | Abyss:1  | Reached XP level 1. HP: 23/23 MP: 3/3
   120 | Abyss:1  | Noticed a small abomination
   124 | Abyss:1  | Noticed a starcursed mass
   132 | Abyss:1  | HP: 1/23 [starcursed mass/accursed screaming (8)]
   133 | D:1      | Escaped the Abyss
   453 | D:1      | Found a faded altar of an unknown god.
   551 | D:1      | Reached * piety under Lugonu
   552 | D:1      | Reached XP level 2. HP: 28/29 MP: 5/5
   900 | D:1      | Found Ikuozayrr's Antique Armour Shop.
   927 | D:1      | Reached XP level 3. HP: 35/35 MP: 6/6
  1715 | D:2      | Reached skill level 1 in Short Blades
  1715 | D:2      | Reached skill level 1 in Long Blades
  1715 | D:2      | Reached skill level 1 in Maces & Flails
  1715 | D:2      | Reached skill level 1 in Polearms
  1715 | D:2      | Reached skill level 1 in Staves
  1715 | D:2      | Reached skill level 1 in Slings
  1715 | D:2      | Reached skill level 1 in Bows
  1715 | D:2      | Reached skill level 1 in Crossbows
  1715 | D:2      | Reached skill level 1 in Throwing
  1715 | D:2      | Reached skill level 1 in Stealth
  1715 | D:2      | Reached skill level 1 in Shields
  1715 | D:2      | Reached skill level 1 in Unarmed Combat
  1715 | D:2      | Reached skill level 1 in Spellcasting
  1715 | D:2      | Reached skill level 1 in Evocations
  1829 | D:2      | Reached XP level 4. HP: 35/41 MP: 7/7
  2308 | D:3      | Found Yro Surgh's Book Shop.
  2453 | D:3      | Noticed Robin
  2460 | D:3      | Reached ** piety under Lugonu
  2465 | D:3      | Killed Robin
  2466 | D:3      | Reached skill level 1 in Conjurations
  2466 | D:3      | Reached skill level 1 in Hexes
  2466 | D:3      | Reached skill level 1 in Summonings
  2466 | D:3      | Reached skill level 1 in Necromancy
  2466 | D:3      | Reached skill level 1 in Translocations
  2466 | D:3      | Reached skill level 1 in Transmutations
  2466 | D:3      | Reached skill level 1 in Fire Magic
  2466 | D:3      | Reached skill level 1 in Ice Magic
  2466 | D:3      | Reached skill level 1 in Air Magic
  2466 | D:3      | Reached skill level 1 in Earth Magic
  2466 | D:3      | Reached skill level 1 in Poison Magic
  2528 | D:3      | Noticed Terence
  2529 | D:3      | Found a burning altar of Makhleb.
  2559 | D:3      | Killed Terence
  2560 | D:3      | Reached XP level 5. HP: 27/47 MP: 8/8
  2834 | D:3      | Noticed an ogre
  2905 | D:4      | Identified the +5 hand axe of Fytoqey {vorpal, rN+}
  3176 | D:4      | Found a staircase to the Ecumenical Temple.
  3473 | D:4      | Reached skill level 5 in Invocations
  3485 | D:4      | Reached XP level 6. HP: 52/53 MP: 9/9
  3500 | D:4      | Reached skill level 5 in Axes
  3500 | D:4      | Reached skill level 5 in Armour
  4049 | D:4      | Found a basalt altar of Yredelemnul.
  4058 | D:4      | Found a snail-covered altar of Cheibriados.
  4120 | D:4      | Reached XP level 7. HP: 52/59 MP: 8/10
  4211 | D:4      | Reached skill level 7 in Fighting
  4529 | D:5      | Entered Level 5 of the Dungeon
  4585 | D:5      | Found a transporter.
  4585 | D:5      | Noticed CheeseeCupcake's ghost (novice GrBe)
  4895 | D:5      | Found a sand-covered staircase.
  4903 | Ossuary  | Entered an ossuary
  4918 | Ossuary  | Reached *** piety under Lugonu
  5154 | D:5      | Found a transporter.
  5217 | D:5      | Reached XP level 8. HP: 67/67 MP: 12/12
  5964 | D:5      | Banished CheeseeCupcake's ghost
  6325 | D:6      | Found a glowing silver altar of Zin.
  6325 | D:6      | Found a glowing golden altar of the Shining One.
  6437 | D:6      | Found a large runed translucent door.
  6437 | D:6      | Found a large runed translucent door.
  6439 | D:6      | Noticed Dwachs's ghost (novice FoFi)
  6493 | D:6      | Reached XP level 9. HP: 71/72 MP: 14/14
  6813 | D:6      | Killed Dwachs's ghost
  6881 | D:7      | Noticed Dowan
  6881 | D:7      | Noticed Duvessa
  6889 | D:7      | Killed Dowan
  6890 | D:7      | Reached skill level 5 in Dodging
  6896 | D:7      | Killed Duvessa
  6924 | D:7      | Noticed a moth of wrath
  6929 | D:7      | Found a transporter.
  6971 | D:7      | Noticed a two-headed ogre
  6972 | D:7      | Found a bloodstained altar of Trog.
  6972 | D:7      | Noticed ChaosChampion's ghost (novice OpTm)
  6978 | D:7      | Found a transporter.
  7032 | D:7      | Reached skill level 8 in Fighting
  7303 | D:7      | Reached **** piety under Lugonu
  7681 | D:8      | Noticed a two-headed ogre
  7690 | D:8      | Killed a two-headed ogre
  7691 | D:8      | Reached XP level 10. HP: 71/80 MP: 15/17
  8059 | D:8      | Reached skill level 5 in Short Blades
  8059 | D:8      | Reached skill level 5 in Long Blades
  8059 | D:8      | Reached skill level 5 in Maces & Flails
  8059 | D:8      | Reached skill level 5 in Polearms
  8059 | D:8      | Reached skill level 5 in Staves
  8059 | D:8      | Reached skill level 5 in Slings
  8059 | D:8      | Reached skill level 5 in Bows
  8059 | D:8      | Reached skill level 5 in Crossbows
  8059 | D:8      | Reached skill level 5 in Throwing
  8059 | D:8      | Reached skill level 5 in Stealth
  8059 | D:8      | Reached skill level 5 in Shields
  8059 | D:8      | Reached skill level 5 in Unarmed Combat
  8059 | D:8      | Reached skill level 5 in Spellcasting
  8059 | D:8      | Reached skill level 5 in Evocations
  9147 | D:8      | Found a staircase to the Lair.
  9407 | D:8      | Noticed a deep elf pyromancer
  9418 | D:8      | Killed a deep elf pyromancer
  9865 | D:9      | Noticed Maggie
  9894 | D:9      | Killed Maggie
 10300 | D:9      | Reached XP level 11. HP: 68/87 MP: 16/19
 10334 | D:9      | Reached skill level 9 in Fighting
 10579 | D:9      | Reached skill level 5 in Conjurations
 10579 | D:9      | Reached skill level 5 in Hexes
 10579 | D:9      | Reached skill level 5 in Summonings
 10579 | D:9      | Reached skill level 5 in Necromancy
 10579 | D:9      | Reached skill level 5 in Translocations
 10579 | D:9      | Reached skill level 5 in Transmutations
 10579 | D:9      | Reached skill level 5 in Fire Magic
 10579 | D:9      | Reached skill level 5 in Ice Magic
 10579 | D:9      | Reached skill level 5 in Air Magic
 10579 | D:9      | Reached skill level 5 in Earth Magic
 10579 | D:9      | Reached skill level 5 in Poison Magic
 11128 | D:9      | Identified the +2 robe "Mamerese" {Harm}
 11230 | D:10     | Entered Level 10 of the Dungeon
 11924 | D:10     | HP: 3/89 [centaur/arrow (5)]
 11924 | D:10     | Shot with an arrow by a centaur

Illustrated notes

Levels and vault maps discovered:
D:1:      lightli_arrival_chessboard, layout_basic,
          ebering_ecumenical_altar_sacrificial, serial_shops,
          nicolae_shop_window_shopping, hangedman_decor_points,
          hangedman_glass_teeth
D:2:      layout_loops_ring, serial_rivers, chequers_serial_rivers_small_3,
          chequers_serial_rivers_micro_e, chequers_serial_rivers_micro_a,
          chequers_serial_rivers_large_b
D:3:      layout_basic, bloody_makhleb, serial_shops, shop, uniq_robin,
          uniq_natasha, uniq_terence
D:4:      layout_basic, mainiacjoe_overflow_swirl,
          minmay_temple_entry_large_hall, minmay_increasing_density
D:5:      layout_basic, chequers_ossuary_entry_cave, gammafunk_ghost_mausoleum
D:6:      layout_rooms, mainiacjoe_overflow_large_starburst,
          ebering_ghost_disaster_area, minmay_misc_feat_rugged,
          small_statue_intersection
D:7:      layout_basic, gammafunk_ghost_wrathful_warriors, minivault_26,
          grunt_decor_mini_mirrors, lightli_orcish_oven, uniq_duvessa
D:8:      layout_basic, erik_lair_island
D:9:      layout_roguey, minmay_starry_boxes, uniq_maggie
D:10:     layout_gridville, nicolae_qazlal_eye_of_the_storm, centaur_isle,
          uniq_sonja

Skill      XL: |  1  2  3  4  5  6  7  8  9 10 11 |
---------------+----------------------------------+-----
Short Blades   | 1 2 3 4 5 6 |  6.2
Long Blades    | 1 2 3 4 5 6 |  6.2
Maces & Flails | 1 2 3 4 5 6 |  6.2
Polearms       | 1 2 3 4 5 6 |  6.2
Staves         | 1 2 3 4 5 6 |  6.2
Slings         | 1 2 3 4 5 6 |  6.2
Bows           | 1 2 3 4 5 6 |  6.2
Crossbows      | 1 2 3 4 5 6 |  6.2
Throwing       | 1 2 3 4 5 6 |  6.2
Stealth        | 1 2 3 4 5 6 |  6.2
Shields        | 1 2 3 4 5 6 |  6.2
Unarmed Combat | 1 2 3 4 5 6 |  6.2
Spellcasting   | 1 2 3 4 5 6 |  6.2
Evocations     | 1 2 3 4 5 6 |  6.2
Conjurations   | 1 2 3 4 5 |  5.2
Hexes          | 1 2 3 4 5 |  5.2
Summonings     | 1 2 3 4 5 |  5.2
Necromancy     | 1 2 3 4 5 |  5.2
Translocations | 1 2 3 4 5 |  5.2
Transmutations | 1 2 3 4 5 |  5.2
Fire Magic     | 1 2 3 4 5 |  5.2
Ice Magic      | 1 2 3 4 5 |  5.2
Air Magic      | 1 2 3 4 5 |  5.2
Earth Magic    | 1 2 3 4 5 |  5.2
Poison Magic   | 1 2 3 4 5 |  5.2
Dodging        | 3 4 5 6 |  6.8
Invocations    | 5 6 7 8 |  8.3
Axes           | 5 6 7 |  7.8
Armour         | 5 6 7 |  7.8
Fighting       | 7 8 9 |  9.1

Action                   |  1- 3 |  4- 6 |  7- 9 | 10-12 || total
-------------------------+-------+-------+-------+-------++-------
Melee: Hand axe          |    93 |   163 |   274 |   376 ||   906
       Bite              |     8 |    14 |    41 |    56 ||   119
Throw: Javelin           |       |       |     3 |     2 ||     5
       Dart              |       |       |       |     5 ||     5
Invok: Depart the Abyss  |     1 |       |       |       ||     1
       Banish            |       |       |     1 |     4 ||     5
       Bend Space        |       |       |       |     1 ||     1
Evoke: Wand              |       |       |     3 |       ||     3
  Use: Scroll            |     6 |     1 |    10 |     7 ||    24
       Potion            |     1 |       |       |       ||     1
 Stab: Distracted        |       |       |       |     1 ||     1
Armor: Leather armour    |     2 |       |       |       ||     2
       Ring mail         |    23 |       |       |       ||    23
       Plate armour      |    20 |   118 |   173 |    97 ||   408
       Acid dragon scale |       |       |       |    66 ||    66
Dodge: Dodged            |    59 |    51 |   140 |   309 ||   559
Block: Buckler           |       |       |    62 |   100 ||   162
       Kite shield       |       |       |       |    66 ||    66

Table legend: (Time is in decaauts)
 A = Elapsed time spent in this place.
 B = Non-inter-level travel time spent in this place.
 C = Inter-level travel time spent in this place.
 D = Time resting spent in this place.
 E = Time spent auto-exploring this place.
 F = Levels seen in this place.
 G = Mean time per level.
                   A        B        C        D        E       F      G
               +--------+--------+--------+--------+--------+-----+--------+
         Total |  11967 |  11739 |    228 |   1372 |   7810 |  12 |  997.2 |
       Dungeon |  11625 |  11397 |    228 |   1372 |   7608 |  10 | 1162.5 |
         Abyss |    134 |    134 |      0 |      0 |     85 |   1 |  134.0 |
       Ossuary |    207 |    207 |      0 |      0 |    117 |   1 |  207.0 |
               +--------+--------+--------+--------+--------+-----+--------+

Top non-repeatable levels by time:
     D:8: 1831 daAuts
     D:4: 1642 daAuts
     D:5: 1529 daAuts
     D:7: 1365 daAuts
     D:9: 1149 daAuts
     D:2: 1071 daAuts
     D:1: 1048 daAuts
    D:10: 691 daAuts
     D:3: 682 daAuts
     D:6: 614 daAuts
 Ossuary: 207 daAuts
 Abyss:1: 134 daAuts
